 Dungeon Crawl Stone Soup version 0.32-a0-779-g362cfcae2a (webtiles) character file.

Game seed: 8961728435215901038

85 BigDaddyOpFi the Sneak (level 4, -4/36 HPs)
             Began as a Coglin Delver on Mar 19, 2024.
             Slain by an iguana (9 damage)
             ... on level 6 of the Dungeon.
             The game lasted 00:01:06 (153 turns).

BigDaddyOpFi the Sneak (Coglin Delver)               Turns: 153, Time: 00:01:07

Health: -4/36      AC:  3    Str: 13    XL:     4   Next: 48%
Magic:  4/4        EV: 11    Int:  9    God:
Gold:   13         SH:  0    Dex: 17    Spells: 3/3 levels left

rFire   . . .        a - +0 hand axe {Egbert}
rCold   . . .        h - +0 dagger {Svenja}
rNeg    . . .        b - +0 leather armour
rPois   .            (no helmet)
rElec   .            (no cloak)
rCorr   .            (no gloves)
SInv    .            (no boots)
Will    .....        (amulet unavailable)
Stlth   +++          (ring unavailable)
HPRegen 0.26/turn    (ring unavailable)
MPRegen 0.09/turn    (no gizmo)

%: no passive effects
@: revved
A: off-hand wielding, slow wielding, warmup strikes, no jewellery
a: Invent Gizmo


You were on level 6 of the Dungeon.
You visited 1 branch of the dungeon, and saw 3 of its levels.

You collected 13 gold pieces.

Inventory:

Hand Weapons
 a - a +0 hand axe (weapon) {Egbert}
 h - a +0 dagger (offhand) {Svenja}
Armour
 b - a +0 leather armour (worn)
Wands
 g - a wand of digging (3)
Scrolls
 c - a scroll of fog
 d - a scroll of revelation
 e - a scroll of fear


   Skills:
 + Level 3.6 Fighting
 + Level 2.8 Axes
 + Level 2.5 Dodging
 + Level 4.5 Stealth


You had 3 spell levels left.
You didn't know any spells.
Your spell library was empty.

Dungeon Overview and Level Annotations

Branches:
Dungeon (7/15)
 Temple: D:4-7

Altars:
Yredelemnul

Shops:
D:5 ::?


Innate Abilities, Weirdness & Mutations

You can wield a second weapon in your off-hand.
It takes a long time for you to wield or remove held weapons.
Your first few attacks do less damage.
You cannot equip rings or amulets.


Message History

The iguana is heavily wounded.
You hit the iguana but do no damage.
You hit the iguana with your +0 hand axe.
The iguana is almost dead.
You hit the iguana but do no damage.
Your extra speed is starting to run out.
The iguana barely misses you.
You barely miss the iguana with your +0 dagger.
The iguana is almost dead.
You closely miss the iguana with your +0 hand axe.
The iguana closely misses you.
You closely miss the iguana with your +0 hand axe.
The iguana is almost dead.
You barely miss the iguana with your +0 dagger.
The iguana bites you!
You hit the iguana but do no damage.
The iguana is almost dead.
You hit the iguana but do no damage.
You closely miss the iguana with your +0 dagger.
The iguana is almost dead.
You barely miss the iguana with your +0 hand axe.
The iguana closely misses you.
You hit the iguana but do no damage.
The iguana is severely wounded.
You barely miss the iguana with your +0 hand axe.
The iguana bites you!
* * * LOW HITPOINT WARNING * * *
You hit the iguana but do no damage.
The iguana is severely wounded.
You hit the iguana with your +0 hand axe.
The iguana bites you.
* * * LOW HITPOINT WARNING * * *
You hit the iguana but do no damage.
The iguana is almost dead.
You hit the iguana with your +0 dagger.
You feel yourself slow down.
You hit the iguana but do no damage.
The iguana is almost dead.
You hit the iguana but do no damage. The iguana bites you!
You die...

#.# #.#
#.# #.#
#.# #.#
#.#
###.#
#!@.#
#l..#
.....#
#..P.P.#
#..._..#
#..P.P.#
#......#
#.###..#


You could see an iguana.

Vanquished Creatures
  An ogre (D:6)
1 creature vanquished.

Notes
Turn   | Place    | Note
-------+----------+-------------------------------------------
     0 | D:5      | BigDaddyOpFi the Coglin Delver began the quest for the Orb.
     0 | D:5      | Reached XP level 1. HP: 18/18 MP: 1/1
    72 | D:7      | Noticed an orc wizard
    93 | D:6      | Noticed an ogre
   111 | D:6      | Killed an ogre
   112 | D:6      | Reached XP level 2. HP: 11/24 MP: 2/2
   112 | D:6      | Reached XP level 3. HP: 14/29 MP: 3/3
   112 | D:6      | Reached XP level 4. HP: 17/36 MP: 4/4
   137 | D:6      | Found a basalt altar of Yredelemnul.
   153 | D:6      | Slain by an iguana

Illustrated notes

Levels and vault maps discovered:
D:5:      layout_basic, lemuel_crystal_altar, serial_shops,
          nicolae_stop_n_shop_2, nicolae_shop_mannequins, shop,
          nicolae_shop_gibbet_a_chance, nicolae_shop_behind_doors,
          enter_ossuary_2, nicolae_shop_distant_corner_stores,
          serial_library_hellmonk_semicircle, minmay_checkerbox,
          uniq_prince_ribbit1
D:6:      layout_basic, yredelemnul_altar_generic
D:7:      layout_basic, minmay_temple_entry_hall, reono_crystal_passage

Skill      XL: |  1 |
---------------+----+-----
Dodging        | 2 |  2.5
Fighting       | |  3.6
Axes           | |  2.8
Stealth        | |  4.5

Action                     |  1- 3 |  4- 6 || total
---------------------------+-------+-------++-------
  Melee: Dagger            |     7 |    13 ||    20
         Hand axe          |     7 |    13 ||    20
    Use: Potion            |     1 |       ||     1
 Armour: Leather armour    |     2 |     4 ||     6
  Dodge: Dodged            |     3 |     5 ||     8

Table legend: (Time is in decaauts)
 A = Elapsed time spent in this place.
 B = Non-inter-level travel time spent in this place.
 C = Inter-level travel time spent in this place.
 D = Time resting spent in this place.
 E = Time spent auto-exploring this place.
 F = Levels seen in this place.
 G = Mean time per level.
                   A        B        C        D        E       F      G
               +--------+--------+--------+--------+--------+-----+--------+
         Total |    135 |    135 |      0 |      0 |      0 |   3 |   45.0 |
       Dungeon |    135 |    135 |      0 |      0 |      0 |   3 |   45.0 |
               +--------+--------+--------+--------+--------+-----+--------+

Top non-repeatable levels by time:
     D:6: 120 daAuts
     D:5: 13 daAuts
     D:7: 1 daAuts
